 Dungeon Crawl Stone Soup version 0.19.5 (webtiles) character file.

322 McKennaii the Archer (level 6, -4/42 HPs)
             Began as a High Elf Hunter on May 2, 2017.
             Killed from afar by an orc wizard (5 damage)
             ... with a magic dart
             ... on level 2 of the Dungeon.
             The game lasted 00:05:07 (2737 turns).

McKennaii the Archer (High Elf Hunter)              Turns: 2737, Time: 00:05:07

Health: -4/42      AC:  3    Str: 11    XL:     6   Next: 22%
Magic:  7/7        EV: 13    Int: 14    God:
Gold:   209        SH:  0    Dex: 19    Spells: 0 memorised, 5 levels left

rFire  . . .     SeeInvis .     a - +1 shortbow
rCold  . . .     Gourm    .     c - +0 leather armour
rNeg   + . .     Faith    .     (shield currently unavailable)
rPois  .         Spirit   .     (no helmet)
rElec  .         Reflect  .     (no cloak)
rCorr  .         Harm     .     (no gloves)
MR     .....                    (no boots)
Stlth  +++.......               (no amulet)
                                p - ring of stealth
                                i - ring of positive energy

@: no status effects
A: no striking features
a: no special abilities


You were on level 2 of the Dungeon.
You were not hungry.

You visited 1 branch of the dungeon, and saw 4 of its levels.

You collected 209 gold pieces.

Inventory:

Hand Weapons
 a - a +1 shortbow (weapon)
 b - a +0 short sword
Missiles
 d - 13 arrows (quivered)
Armour
 c - a +0 leather armour (worn)
Jewellery
 i - a ring of positive energy (left hand)
 p - a ring of stealth (right hand)
Wands
 s - a wand of iceblast (7/15)
Scrolls
 j - 2 scrolls of fear {unknown}
 k - 4 scrolls of remove curse {unknown}
 l - 3 scrolls of identify {unknown}
 m - a scroll of recharging {unknown}
 n - 2 scrolls of teleportation {unknown}
 r - a scroll of random uselessness {unknown}
 u - a scroll of noise {unknown}
 w - a scroll of immolation {unknown}
Potions
 e - a potion of agility
 g - 3 potions of curing
 o - a potion of invisibility {unknown}
 q - a potion of heal wounds {unknown}
 t - a potion of lignification {unknown}
Comestibles
 f - 3 bread rations
 h - a fruit
 v - a meat ration


   Skills:
 + Level 3.0 Fighting
 + Level 8.8 Bows
 + Level 1.2 Armour
 + Level 2.7 Dodging
 + Level 1.5 Stealth


You had 5 spell levels left.
You didn't know any spells.

Dungeon Overview and Level Annotations

Branches:
Dungeon (4/15)
 Temple: D:4-7

Altars:


Message History

Firing (i - inventory):
d - 16 arrows (quivered)
Press: ? - help, Shift-Dir - straight line, f - orc
Aim: an orc, wielding a flail (heavily wounded)
You shoot an arrow. The arrow hits the orc.
The orc is almost dead.
Firing (i - inventory):
d - 15 arrows (quivered)
Press: ? - help, Shift-Dir - straight line, f/p - orc
Aim: an orc, wielding a flail (almost dead)
You shoot an arrow.
The arrow hits the orc but does no damage.
The orc is almost dead.
Firing (i - inventory):
d - 14 arrows (quivered)
Press: ? - help, Shift-Dir - straight line, f/p - orc
Aim: an orc, wielding a flail (almost dead)
You shoot an arrow. The arrow hits the orc.
You kill the orc!
You hear some strange, mumbled words.
A magic dart appears from out of thin air!
The magic dart hits you!
You die...

<#..#.....##..#
##..#....#....#
.....#..#.....# ###
###...###.....# #.#
#....###...(###.#
#....#..#.......#
#...#....#......#
###.##.....#..#####
.........(...>))@.#
######.#.......##.#
# #.###.######.# #
#...(.....##.# #
#####.###.##.# #
####.# #.##.# #
#....# #.##.#
#######.#### #....#
#....<#.# ######


There were no monsters in sight!

Vanquished Creatures
  A howler monkey (D:3)
  2 orc priests (D:3)
  An orc wizard (D:2)
  A worker ant (D:3)
  7 gnolls
  2 adders
  3 oozes
  A worm (D:3)
  3 dart slugs
  5 orcs
  3 giant cockroaches
  3 goblins (D:3)
  8 hobgoblins
  2 jackals (D:3)
  7 kobolds
  A quokka (D:2)
  10 bats
  6 frilled lizards
  10 rats
76 creatures vanquished.

Notes
Turn   | Place    | Note
-------+----------+-------------------------------------------
     0 | D:1      | McKennaii the High Elf Hunter began the quest for the Orb.
     0 | D:1      | Reached XP level 1. HP: 14/14 MP: 2/2
   144 | D:1      | Reached XP level 2. HP: 19/19 MP: 3/3
   323 | D:1      | Reached skill level 6 in Bows
   408 | D:1      | Reached XP level 3. HP: 24/24 MP: 4/4
   863 | D:2      | Reached XP level 4. HP: 29/29 MP: 5/5
   869 | D:2      | Reached skill level 7 in Bows
  1542 | D:3      | Reached XP level 5. HP: 35/35 MP: 6/6
  1575 | D:3      | Reached skill level 1 in Armour
  1625 | D:3      | Reached skill level 8 in Bows
  2610 | D:3      | Reached XP level 6. HP: 31/42 MP: 7/7
  2734 | D:2      | HP: 1/42 [something/magic dart (9)]
  2737 | D:2      | Killed from afar by an orc wizard

Skill      XL: |  1  2  3  4  5 |
---------------+----------------+-----
Bows           | 6 7 8 |  8.8
Armour         | 1 |  1.2
Fighting       | 3 |  3.0
Dodging        | |  2.7
Stealth        | |  1.5

Action                   |  1- 3 |  4- 6 || total
-------------------------+-------+-------++-------
 Fire: Shortbow          |    73 |   160 ||   233
  Use: Potion            |       |     2 ||     2
  Eat: Chunk             |       |     4 ||     4
       Fruit             |       |     1 ||     1
Armor: Leather armour    |     4 |     7 ||    11
Dodge: Dodged            |    13 |    41 ||    54
